[ AOE2 MATCH · #462453100 ]
UnrankedKhmer vs Britons
[ REPLAY ANALYSIS · EXTRACTED FROM THE RECORDED GAME ]
Feudal
10:03
Castle
—
Imperial
—
| APM avg | 15.4 |
| APM peak | 46 |
| eAPM avg | 10.0 |
| Villagers / military | 33 / 0 |
Focus
⚔️ 8.8% · 🌾 91.2%
Feudal
—
Castle
—
Imperial
—
| APM avg | 49.3 |
| APM peak | 91 |
| eAPM avg | 13.6 |
| Villagers / military | 31 / 0 |
Focus
⚔️ 2.4% · 🌾 97.6%
Feudal
11:10
Castle
—
Imperial
—
| APM avg | 44.3 |
| APM peak | 71 |
| eAPM avg | 18.1 |
| Villagers / military | 49 / 0 |
Focus
⚔️ 10.4% · 🌾 89.6%
Feudal
10:18
Castle
13:48
Imperial
—
| APM avg | 30.0 |
| APM peak | 72 |
| eAPM avg | 9.6 |
| Villagers / military | 21 / 0 |
Focus
⚔️ 12.7% · 🌾 87.3%
Feudal
10:51
Castle
—
Imperial
—
| APM avg | 28.4 |
| APM peak | 68 |
| eAPM avg | 12.7 |
| Villagers / military | 32 / 0 |
Focus
⚔️ 24.4% · 🌾 75.6%
Feudal
11:25
Castle
—
Imperial
—
| APM avg | 23.2 |
| APM peak | 38 |
| eAPM avg | 8.9 |
| Villagers / military | 26 / 0 |
Focus
⚔️ 8.6% · 🌾 91.4%
Feudal
10:25
Castle
—
Imperial
—
| APM avg | 31.5 |
| APM peak | 61 |
| eAPM avg | 12.9 |
| Villagers / military | 38 / 0 |
Focus
⚔️ 13.7% · 🌾 86.3%
Feudal
11:32
Castle
—
Imperial
—
| APM avg | 37.7 |
| APM peak | 77 |
| eAPM avg | 13.0 |
| Villagers / military | 32 / 0 |
Focus
⚔️ 2.8% · 🌾 97.2%
Match map
Initial resources + every placement click. Lines = walls · curves = elevation contours. ◆ gold · ⬟ stone · ● berries · ✦ relic · ◌ wall gap
Inputs per minute
— Mozenrath - - therfox1419
Build order — Mozenrath
52 actions detected in the replay
| 0:02 | Create | Villager (Male) |
| 0:02 | Create | Villager (Male) |
| 0:02 | Create | Villager (Male) |
| 0:02 | Create | Villager (Male) |
| 0:04 | Build | House |
| 0:04 | Build | House |
| 1:35 | Create | Villager (Male) |
| 1:35 | Create | Villager (Male) |
| 2:01 | Create | Villager (Male) |
| 2:01 | Create | Villager (Male) |
| 2:29 | Research | Loom |
| 2:29 | Research | Loom |
| 2:54 | Create | Villager (Male) |
| 2:54 | Create | Villager (Male) |
| 3:08 | Create | Villager (Male) |
| 3:10 | Create | Villager (Male) |
| 3:10 | Create | Villager (Male) |
| 3:15 | Build | Lumber Camp |
| 3:27 | Create | Villager (Male) |
| 3:27 | Create | Villager (Male) |
| 3:27 | Create | Villager (Male) |
| 3:29 | Build | House |
| 4:19 | Create | Villager (Male) |
| 4:19 | Create | Villager (Male) |
| 4:21 | Create | Villager (Male) |
| 4:21 | Create | Villager (Male) |
| 5:10 | Build | Mill |
| 5:22 | Create | Villager (Male) |
| 5:22 | Create | Villager (Male) |
| 5:22 | Create | Villager (Male) |
| 5:22 | Create | Villager (Male) |
| 5:22 | Create | Villager (Male) |
| 5:22 | Create | Villager (Male) |
| 5:55 | Build | House |
| 6:10 | Create | Villager (Male) |
| 7:53 | Research | Feudal Age |
| 7:53 | Research | Feudal Age |
| 7:53 | Research | Feudal Age |
| 8:38 | Create | Villager (Male) |
| 8:38 | Create | Villager (Male) |
| 8:52 | Create | Villager (Male) |
| 8:52 | Create | Villager (Male) |
| 9:05 | Build | House |
| 9:05 | Build | House |
| 9:55 | Build | Mining Camp |
| 10:03 | Age | Feudal Age |
| 10:14 | Research | Double-Bit Axe |
| 10:35 | Create | Villager (Male) |
| 10:35 | Research | Horse Collar |
| 11:59 | Build | Lumber Camp |
| 12:06 | Create | Villager (Male) |
| 12:12 | Build | Farm |
Build order — therfox1419
50 actions detected in the replay
| 0:02 | Create | Villager (Male) ×4 |
| 0:04 | Build | House |
| 0:06 | Build | House |
| 1:27 | Create | Villager (Male) |
| 1:28 | Create | Villager (Male) |
| 1:54 | Create | Villager (Male) |
| 1:54 | Create | Villager (Male) |
| 2:21 | Build | Lumber Camp |
| 2:28 | Create | Villager (Male) ×2 |
| 2:28 | Create | Villager (Male) ×2 |
| 2:28 | Create | Villager (Male) ×2 |
| 3:02 | Create | Villager (Male) ×2 |
| 3:53 | Build | House |
| 4:06 | Create | Villager (Male) |
| 4:06 | Create | Villager (Male) |
| 4:40 | Create | Villager (Male) ×4 |
| 5:48 | Build | Mill |
| 6:17 | Build | House |
| 6:22 | Create | Villager (Male) |
| 6:25 | Create | Villager (Male) ×4 |
| 6:54 | Build | Lumber Camp |
| 7:33 | Build | Mining Camp |
| 7:52 | Research | Feudal Age |
| 7:52 | Research | Feudal Age |
| 8:12 | Build | Farm |
| 8:26 | Research | Loom |
| 8:34 | Build | Farm |
| 8:58 | Build | Farm |
| 9:38 | Build | House |
| 9:40 | Build | House |
| 10:13 | Create | Villager (Male) |
| 10:13 | Create | Villager (Male) |
| 10:42 | Build | Market |
| 10:50 | Build | Blacksmith |
| 11:45 | Research | Double-Bit Axe |
| 11:46 | Research | Double-Bit Axe |
| 11:55 | Research | Castle Age |
| 11:55 | Research | Castle Age |
| 12:06 | Build | Farm |
| 12:06 | Build | Farm |
| 12:07 | Build | Farm |
| 12:26 | Build | Farm |
| 12:29 | Research | Horse Collar |
| 12:30 | Research | Horse Collar |
| 12:58 | Build | Farm |
| 12:59 | Build | Farm |
| 13:15 | Build | House |
| 13:16 | Build | House |
| 14:05 | Create | Villager (Male) |
| 14:05 | Create | Villager (Male) |
Build order — xxs_hjt
75 actions detected in the replay
| 0:03 | Create | Villager (Male) |
| 0:03 | Create | Villager (Male) |
| 0:04 | Build | House |
| 0:06 | Build | House |
| 0:30 | Create | Villager (Male) |
| 0:37 | Create | Villager (Male) |
| 0:38 | Create | Villager (Male) |
| 1:36 | Create | Villager (Male) |
| 1:58 | Build | Lumber Camp |
| 2:01 | Create | Villager (Male) |
| 2:26 | Create | Villager (Male) |
| 2:27 | Create | Villager (Male) |
| 2:27 | Create | Villager (Male) |
| 2:45 | Create | Villager (Male) |
| 2:46 | Create | Villager (Male) |
| 3:19 | Create | Villager (Male) |
| 3:19 | Create | Villager (Male) |
| 3:19 | Create | Villager (Male) |
| 3:37 | Build | House |
| 3:38 | Build | House |
| 3:42 | Create | Villager (Male) |
| 3:42 | Create | Villager (Male) |
| 3:43 | Create | Villager (Male) |
| 4:14 | Create | Villager (Male) |
| 4:14 | Create | Villager (Male) |
| 4:14 | Create | Villager (Male) |
| 4:29 | Create | Villager (Male) |
| 5:07 | Create | Villager (Male) |
| 5:07 | Create | Villager (Male) |
| 5:33 | Create | Villager (Male) |
| 5:33 | Create | Villager (Male) |
| 5:33 | Create | Villager (Male) |
| 5:56 | Create | Villager (Male) |
| 5:56 | Create | Villager (Male) |
| 5:57 | Create | Villager (Male) |
| 5:57 | Create | Villager (Male) |
| 6:16 | Create | Villager (Male) |
| 6:17 | Create | Villager (Male) |
| 6:35 | Create | Villager (Male) |
| 6:36 | Create | Villager (Male) |
| 6:36 | Create | Villager (Male) |
| 6:36 | Create | Villager (Male) |
| 6:36 | Create | Villager (Male) |
| 6:37 | Create | Villager (Male) |
| 6:43 | Create | Villager (Male) |
| 7:25 | Build | Mill |
| 8:35 | Create | Villager (Male) |
| 9:00 | Research | Feudal Age |
| 9:18 | Build | Farm |
| 9:20 | Build | Farm |
| 9:35 | Build | House |
| 9:55 | Create | Villager (Male) |
| 9:55 | Create | Villager (Male) |
| 11:10 | Age | Feudal Age |
| 11:18 | Build | Market |
| 11:20 | Build | Blacksmith |
| 12:04 | Research | Castle Age |
| 12:05 | Research | Castle Age |
| 12:05 | Research | Castle Age |
| 12:09 | Build | Mining Camp |
| 12:13 | Build | Farm |
| 12:14 | Build | Farm |
| 12:18 | Research | Double-Bit Axe |
| 12:22 | Research | Horse Collar |
| 12:36 | Build | Farm |
| 12:37 | Build | Farm |
| 12:43 | Create | Villager (Male) |
| 12:43 | Create | Villager (Male) |
| 12:43 | Create | Villager (Male) |
| 12:58 | Create | Villager (Male) |
| 13:04 | Research | Loom |
| 13:08 | Create | Villager (Male) |
| 13:08 | Create | Villager (Male) |
| 13:25 | Build | Outpost |
| 13:27 | Build | Outpost |
Build order — Dude_Of_Oz
43 actions detected in the replay
| 0:00 | Create | Villager (Male) |
| 0:01 | Create | Villager (Male) |
| 0:01 | Create | Villager (Male) |
| 0:01 | Create | Villager (Male) |
| 0:02 | Build | House |
| 0:05 | Build | House |
| 1:23 | Create | Villager (Male) |
| 1:43 | Build | Lumber Camp |
| 2:09 | Create | Villager (Male) |
| 2:34 | Create | Villager (Male) |
| 2:34 | Create | Villager (Male) |
| 3:15 | Create | Villager (Male) |
| 3:58 | Create | Villager (Male) |
| 4:17 | Create | Villager (Male) |
| 4:26 | Build | House |
| 4:30 | Build | Palisade Wall |
| 4:47 | Create | Villager (Male) |
| 4:50 | Build | Mill |
| 4:52 | Create | Villager (Male) |
| 4:53 | Create | Villager (Male) |
| 4:53 | Create | Villager (Male) |
| 5:53 | Build | House |
| 6:03 | Create | Villager (Male) |
| 6:32 | Create | Villager (Male) |
| 6:33 | Create | Villager (Male) |
| 6:57 | Create | Villager (Male) |
| 7:38 | Research | Feudal Age |
| 7:52 | Build | Mining Camp |
| 8:48 | Create | Villager (Male) |
| 8:48 | Create | Villager (Male) |
| 9:21 | Build | Farm |
| 9:23 | Build | Farm |
| 10:18 | Age | Feudal Age |
| 10:20 | Build | Market |
| 10:24 | Build | Blacksmith |
| 11:07 | Research | Castle Age |
| 11:07 | Research | Castle Age |
| 11:24 | Research | Double-Bit Axe |
| 11:35 | Build | Farm |
| 12:14 | Research | Horse Collar |
| 13:48 | Age | Castle Age |
| 13:50 | Build | Town Center |
| 13:59 | Build | Monastery |
Build order — Shohei Ohtani 17
61 actions detected in the replay
| 0:03 | Create | Villager (Male) |
| 0:03 | Create | Villager (Male) |
| 0:03 | Create | Villager (Male) |
| 0:04 | Create | Villager (Male) |
| 0:04 | Create | Villager (Male) |
| 0:05 | Build | House |
| 0:06 | Build | House |
| 1:22 | Create | Villager (Male) |
| 1:23 | Create | Villager (Male) |
| 1:45 | Build | Lumber Camp |
| 1:53 | Create | Villager (Male) |
| 2:24 | Create | Villager (Male) |
| 2:54 | Create | Villager (Male) |
| 2:55 | Create | Villager (Male) |
| 3:00 | Create | Villager (Male) |
| 3:00 | Create | Villager (Male) |
| 3:41 | Build | House |
| 3:43 | Create | Villager (Male) |
| 4:09 | Build | Mill |
| 4:19 | Create | Villager (Male) |
| 4:20 | Create | Villager (Male) |
| 4:20 | Create | Villager (Male) |
| 4:20 | Create | Villager (Male) |
| 4:26 | Build | House |
| 4:38 | Create | Villager (Male) |
| 5:09 | Create | Villager (Male) |
| 5:39 | Create | Villager (Male) |
| 5:49 | Create | Villager (Male) |
| 5:49 | Create | Villager (Male) |
| 5:49 | Create | Villager (Male) |
| 5:50 | Create | Villager (Male) |
| 6:26 | Create | Villager (Male) |
| 6:52 | Build | Mining Camp |
| 6:59 | Create | Villager (Male) |
| 7:22 | Create | Villager (Male) |
| 7:23 | Research | Loom |
| 7:57 | Research | Feudal Age |
| 9:17 | Build | Barracks |
| 9:18 | Build | House |
| 9:19 | Build | House |
| 9:20 | Build | House |
| 10:05 | Create | Villager (Male) |
| 10:44 | Create | Villager (Male) |
| 10:51 | Age | Feudal Age |
| 10:52 | Build | Market |
| 10:55 | Build | Blacksmith |
| 11:24 | Create | Villager (Male) |
| 11:49 | Research | Castle Age |
| 11:49 | Research | Castle Age |
| 12:04 | Build | Farm |
| 12:06 | Build | Farm |
| 12:08 | Build | Farm |
| 12:10 | Build | Farm |
| 12:12 | Build | Farm |
| 12:28 | Research | Double-Bit Axe |
| 12:34 | Create | Villager (Male) |
| 12:58 | Research | Horse Collar |
| 13:19 | Build | Farm |
| 13:20 | Build | Farm |
| 13:29 | Research | Gold Mining |
| 13:30 | Research | Gold Mining |
Build order — Nycky la brute
53 actions detected in the replay
| 0:01 | Create | Villager (Male) |
| 0:01 | Create | Villager (Male) |
| 0:01 | Create | Villager (Male) |
| 0:02 | Create | Villager (Male) |
| 0:04 | Build | House |
| 0:06 | Build | House |
| 1:31 | Build | Mill |
| 1:32 | Create | Villager (Male) |
| 1:54 | Create | Villager (Male) |
| 2:34 | Create | Villager (Male) |
| 2:50 | Create | Villager (Male) |
| 2:59 | Create | Villager (Male) |
| 3:18 | Create | Villager (Male) |
| 3:47 | Build | House |
| 3:48 | Build | House |
| 4:11 | Create | Villager (Male) |
| 4:11 | Create | Villager (Male) |
| 4:26 | Create | Villager (Male) |
| 4:40 | Create | Villager (Male) |
| 4:48 | Build | House |
| 5:06 | Create | Villager (Male) |
| 5:34 | Create | Villager (Male) |
| 5:34 | Create | Villager (Male) |
| 6:04 | Build | Lumber Camp |
| 6:12 | Create | Villager (Male) |
| 6:35 | Create | Villager (Male) |
| 6:58 | Create | Villager (Male) |
| 7:25 | Create | Villager (Male) |
| 8:12 | Create | Villager (Male) |
| 8:13 | Create | Villager (Male) |
| 9:05 | Create | Villager (Male) |
| 9:07 | Research | Feudal Age |
| 9:33 | Build | Mining Camp |
| 10:16 | Build | Lumber Camp |
| 10:32 | Build | Farm |
| 11:02 | Build | House |
| 11:13 | Build | Farm |
| 11:25 | Age | Feudal Age |
| 11:32 | Build | Market |
| 11:37 | Build | Blacksmith |
| 11:41 | Create | Villager (Male) |
| 11:42 | Create | Villager (Male) |
| 11:48 | Research | Double-Bit Axe |
| 11:59 | Build | Farm |
| 12:05 | Build | Farm |
| 12:37 | Research | Castle Age |
| 12:51 | Build | Farm |
| 12:59 | Build | Farm |
| 13:08 | Build | Farm |
| 13:08 | Build | Farm |
| 13:14 | Build | Farm |
| 13:17 | Build | Farm |
| 13:50 | Build | Barracks |
Build order — 神圣罗马帝国 | Holy Roman
63 actions detected in the replay
| 0:03 | Build | House |
| 0:03 | Create | Villager (Male) |
| 0:04 | Create | Villager (Male) |
| 0:05 | Build | House |
| 0:21 | Create | Villager (Male) |
| 0:21 | Create | Villager (Male) |
| 0:21 | Create | Villager (Male) |
| 0:25 | Build | House |
| 1:08 | Build | House |
| 1:25 | Create | Villager (Male) |
| 1:26 | Create | Villager (Male) |
| 1:40 | Build | Lumber Camp |
| 1:53 | Create | Villager (Male) |
| 1:54 | Create | Villager (Male) |
| 2:32 | Create | Villager (Male) |
| 2:32 | Create | Villager (Male) |
| 2:44 | Create | Villager (Male) |
| 2:44 | Create | Villager (Male) |
| 3:18 | Create | Villager (Male) |
| 3:19 | Create | Villager (Male) |
| 3:37 | Create | Villager (Male) |
| 3:37 | Create | Villager (Male) |
| 4:30 | Create | Villager (Male) |
| 4:30 | Create | Villager (Male) |
| 4:31 | Create | Villager (Male) |
| 4:33 | Create | Villager (Male) |
| 4:33 | Create | Villager (Male) |
| 5:04 | Create | Villager (Male) |
| 5:05 | Create | Villager (Male) |
| 5:28 | Create | Villager (Male) |
| 5:29 | Create | Villager (Male) |
| 5:57 | Build | Mill |
| 6:03 | Build | Mill |
| 6:04 | Create | Villager (Male) |
| 6:04 | Create | Villager (Male) |
| 6:08 | Build | Mill |
| 6:09 | Create | Villager (Male) |
| 6:10 | Create | Villager (Male) |
| 6:16 | Create | Villager (Male) |
| 7:06 | Create | Villager (Male) |
| 7:24 | Build | Farm |
| 7:57 | Research | Feudal Age |
| 7:58 | Create | Villager (Male) |
| 8:59 | Build | Mining Camp |
| 9:17 | Build | House |
| 9:39 | Create | Villager (Male) |
| 10:25 | Age | Feudal Age |
| 10:30 | Research | Double-Bit Axe |
| 10:35 | Build | Market |
| 10:38 | Create | Villager (Male) |
| 10:54 | Create | Villager (Male) |
| 11:09 | Create | Villager (Male) |
| 11:37 | Build | Blacksmith |
| 11:42 | Create | Villager (Male) |
| 11:49 | Build | House |
| 11:59 | Build | House |
| 12:12 | Research | Castle Age |
| 12:41 | Research | Horse Collar |
| 13:28 | Build | Farm |
| 13:30 | Build | Farm |
| 13:31 | Build | Farm |
| 13:31 | Build | Farm |
| 13:52 | Build | Lumber Camp |
Build order — mydogqmi
58 actions detected in the replay
| 0:04 | Create | Villager (Male) |
| 0:05 | Create | Villager (Male) |
| 0:05 | Create | Villager (Male) |
| 0:05 | Create | Villager (Male) |
| 0:06 | Create | Villager (Male) |
| 0:08 | Build | House |
| 0:11 | Build | House |
| 1:33 | Create | Villager (Male) |
| 1:33 | Create | Villager (Male) |
| 1:53 | Create | Villager (Male) |
| 1:53 | Create | Villager (Male) |
| 2:16 | Build | Lumber Camp |
| 2:42 | Create | Villager (Male) |
| 2:43 | Create | Villager (Male) |
| 2:43 | Create | Villager (Male) |
| 3:04 | Create | Villager (Male) |
| 3:05 | Create | Villager (Male) |
| 3:41 | Build | House |
| 3:49 | Create | Villager (Male) |
| 3:50 | Create | Villager (Male) |
| 4:16 | Create | Villager (Male) |
| 4:17 | Create | Villager (Male) |
| 4:44 | Create | Villager (Male) |
| 4:44 | Create | Villager (Male) |
| 4:45 | Create | Villager (Male) |
| 5:36 | Create | Villager (Male) |
| 5:43 | Build | House |
| 5:45 | Build | House |
| 6:01 | Create | Villager (Male) |
| 6:18 | Create | Villager (Male) |
| 6:18 | Create | Villager (Male) |
| 6:18 | Create | Villager (Male) |
| 6:28 | Create | Villager (Male) |
| 6:28 | Create | Villager (Male) |
| 7:00 | Build | Mill |
| 7:32 | Create | Villager (Male) |
| 8:37 | Build | Mining Camp |
| 8:54 | Create | Villager (Male) |
| 8:59 | Research | Feudal Age |
| 10:02 | Build | House |
| 10:34 | Build | House |
| 10:46 | Build | Farm |
| 10:59 | Build | Farm |
| 11:32 | Age | Feudal Age |
| 11:38 | Build | Market |
| 11:45 | Build | Blacksmith |
| 12:02 | Create | Villager (Male) |
| 12:04 | Create | Villager (Male) |
| 12:12 | Build | Farm |
| 12:14 | Build | Farm |
| 12:23 | Build | Farm |
| 12:27 | Build | Farm |
| 12:51 | Build | Farm |
| 13:00 | Research | Castle Age |
| 13:01 | Research | Castle Age |
| 13:27 | Build | Farm |
| 13:27 | Build | Farm |
| 13:41 | Build | Barracks |
Match timeline
| 4:30 | Dude_Of_Oz · wall_segment Palisade Wall x1 |
| 9:17 | Shohei Ohtani 17 · first_building Barracks |
| 10:03 | Mozenrath · age_up feudal |
| 10:18 | Dude_Of_Oz · age_up feudal |
| 10:25 | 神圣罗马帝国 | Holy Roman · age_up feudal |
| 10:51 | Shohei Ohtani 17 · age_up feudal |
| 11:10 | xxs_hjt · age_up feudal |
| 11:25 | Nycky la brute · age_up feudal |
| 11:32 | mydogqmi · age_up feudal |
| 11:47 | Shohei Ohtani 17 · first_market_buy 100 food |
| 13:41 | mydogqmi · first_building Barracks |
| 13:48 | Dude_Of_Oz · age_up castle |
| 13:50 | Nycky la brute · first_building Barracks |
| 13:54 | Mozenrath · resign |
| 13:59 | Dude_Of_Oz · first_building Monastery |
[ AI ANALYSIS · 1 CREDIT ]
What really happened in this match?
Wolo.gg analyzes every decision: build order, eco, micro, common mistakes by bracket. Personalized analysis on WhatsApp or Discord in 30 seconds.
Civ guide
Khmer
Perfil
Jugador #9910024